AoeStats
← NDF

Arabia

506533671Analyzed
2v2 RM · 17d ago on Sep 13, 2026· 57m 10s· 4 players
Game mode
Random Map
Map size
Medium (4 player)
Population
200
Speed
Normal
Resources
Standard
Victory
Conquest
Starting age
Dark Age
Ending age
Imperial Age
RankedLock teamsTeams togetherTeam positionsShared explorationLock speedFull tech treeHidden civsTurbo modeCheats
Victory
Defeat
🇨🇱 Mongols · Chile
782
+15
🇨🇱 Turks · Chile
761
+15
🇦🇷 Teutons · Argentina
758
-15
🇦🇷 Spanish · Argentina
757
-15
NDF
3:35 Loom
14:01 Feudal Age
14:28 Man-at-Arms
19:44 Castle Age
18:35 Double-Bit Axe
18:32 Horse Collar
18:58 Gold Mining
19:54 Stone Mining
22:46 Stone Shaft Mining
22:49 Elite Skirmisher
25:17 Bow Saw
35:05 Scale Mail Armor
36:51 Forging
39:03 Iron Casting
40:48 Chain Mail Armor
42:09 Fletching
42:19 Padded Archer Armor
46:53 Imperial Age
45:13 Bodkin Arrow
estebanpa
4:14 Loom
10:50 Feudal Age
11:34 Double-Bit Axe
11:56 Horse Collar
12:22 Stone Mining
13:01 Gold Mining
21:46 Castle Age
20:45 Scale Barding Armor
20:56 Bloodlines
25:49 Stone Shaft Mining
25:28 Bow Saw
25:30 Scale Mail Armor
26:17 Heavy Plow
30:34 Squires
29:56 Pikeman
35:29 Imperial Age
35:03 Padded Archer Armor
34:54 Fletching
36:48 Leather Archer Armor
36:29 Bodkin Arrow
36:56 Chain Barding Armor
37:50 Heavy Cavalry Archer
40:32 Inquisition
41:20 Plate Barding Armor
41:19 Ring Archer Armor
40:49 Bracer
51:41 Elite Skirmisher
52:36 Light Cavalry
54:01 Hussar
elchoromota
10:29 Feudal Age
11:19 Double-Bit Axe
11:15 Horse Collar
15:14 Man-at-Arms
15:53 Gold Mining
16:30 Bloodlines
18:39 Stone Mining
20:23 Wheelbarrow
24:23 Castle Age
23:45 Forging
25:33 Bow Saw
26:00 Gold Shaft Mining
25:41 Husbandry
27:28 Iron Casting
27:43 Heavy Plow
28:21 Padded Archer Armor
29:03 Fishing Lines
29:42 Nomads
34:57 Thumb Ring
37:42 Imperial Age
37:41 Gillnets
38:00 Murder Holes
39:27 Hand Cart
39:46 Ballistics
39:37 Masonry
41:17 Parthian Tactics
40:38 Heavy Cavalry Archer
44:47 Fletching
45:13 Leather Archer Armor
46:12 Bodkin Arrow
52:11 Elite Mangudai
53:31 Bracer
54:31 Blast Furnace
53:32 Scale Mail Armor
53:38 Scale Barding Armor
53:44 Fortified Wall
53:40 Siege Engineers
55:42 Hoardings
54:37 Sappers
55:27 Conscription
55:31 Drill
54:34 Light Cavalry
54:35 Cavalier
RSK | Nasif
0:27 Loom
11:28 Feudal Age
12:45 Wheelbarrow
11:57 Horse Collar
12:06 Double-Bit Axe
22:13 Castle Age
23:10 Hand Cart
23:51 Heavy Plow
24:04 Bow Saw
36:38 Imperial Age
35:18 Gold Mining
35:19 Stone Mining
39:30 Murder Holes
40:38 Elite Janissary
44:04 Gold Shaft Mining
43:40 Town Watch
48:51 Caravan
51:01 Ballistics
50:32 Heated Shot
50:53 Fortified Wall
53:58 Two-Man Saw
Connection lost

Rejoining the realm…

Still unreachable

The connection could not be restored.

Session expired

The server has moved on; the page needs a fresh start.